AoeStats
← Sodythaek

Arena

510567412Analyzed
2v2 RM · 2d ago on Oct 1, 2026· 44m 3s· 4 players
Game mode
Random Map
Map size
Medium (4 player)
Population
200
Speed
Normal
Resources
Standard
Victory
Conquest
Starting age
Dark Age
Ending age
Imperial Age
RankedLock teamsTeams togetherTeam positionsShared explorationLock speedFull tech treeHidden civsTurbo modeCheats
Victory
Defeat
🇫🇷 Danes · France
1361
+16
🇫🇷 Franks · France
1332
+16
🇪🇸 Danes · Spain
1352
-16
🇪🇸 Danes · Spain
1351
-16
archimonde
11:58 Feudal Age
16:11 Castle Age
14:00 Double-Bit Axe
13:56 Horse Collar
20:15 Imperial Age
18:59 Bow Saw
19:20 Murder Holes
20:17 Onager
24:49 Chemistry
25:56 Masonry
25:37 Loom
27:53 Fletching
32:23 Scale Mail Armor
32:34 Forging
32:30 Heavy Plow
34:18 Squires
37:07 Wheelbarrow
39:37 Ballistics
41:52 Chain Mail Armor
41:02 Heavy Scorpion
42:17 Arson
42:51 Spies/Treason
Sodythaek
10:00 Feudal Age
13:49 Castle Age
12:18 Double-Bit Axe
16:39 Bow Saw
20:35 Scale Barding Armor
22:03 Forging
23:54 Stone Mining
23:59 Gold Mining
25:06 Wheelbarrow
25:06 Scale Mail Armor
26:36 Iron Casting
26:16 Chain Mail Armor
26:57 Hand Cart
31:38 Imperial Age
32:24 Squires
32:10 Gambesons
32:11 Arson
32:07 Elite Throwing Axeman
33:07 Conscription
34:32 Plate Mail Armor
35:02 Blast Furnace
36:36 Masonry
40:03 Cavalier
41:06 Chain Barding Armor
40:39 Fletching
44:26 Hoardings
44:02 Siege Engineers
Morrión
10:52 Feudal Age
15:35 Castle Age
15:41 Scale Mail Armor
16:25 Arson
18:09 Forging
18:16 Chain Mail Armor
26:35 Forging
28:59 Loom
34:58 Iron Casting
juanca12
10:06 Feudal Age
14:06 Castle Age
13:01 Double-Bit Axe
13:41 Scale Mail Armor
15:28 Chain Mail Armor
19:11 Forging
22:30 Wheelbarrow
24:52 Horse Collar
25:36 Squires
25:21 Arson
25:50 Arson
27:12 Hand Cart
34:44 Redemption
34:49 Loom
39:12 Imperial Age
38:20 Iron Casting
37:20 Hamask
40:19 Conscription
40:34 Plate Mail Armor
40:57 Conscription
42:14 Blast Furnace
Connection lost

Rejoining the realm…

Still unreachable

The connection could not be restored.

Session expired

The server has moved on; the page needs a fresh start.